Map: Eternal Empire LE

Players

PiLiPiLi

  • Race: Protoss Protoss
  • League: Grandmaster
  • Spawn Location: 7:00

A.I. 2 (Elite) - Winner!

  • Race: Zerg Zerg
  • Spawn Location: 1:00

VOD

Have the link to the VOD?

Description

Time

  • Played on: Aug. 26, 2020, 9:53 p.m.
  • Length: 8:30
Show
View Real Time Build Order
Export as new Build Order

PiLiPiLi Protoss 

Build Orders: 1 Gate Expand, Zealot Archon, Archon Drop 

Get SALT Encoding   

  12  0:00  Probe  
  13  0:12  Probe  
  14  0:26  Pylon, Probe  
  15  0:44  Gateway, Probe (Chrono Boost)  
  16  0:54  Assimilator  
  16  0:55  Probe (Chrono Boost)  
  17  0:59  Probe (Chrono Boost)  
  18  1:10  Probe  
  19  1:23  Probe  
  20  1:29  Nexus  
  20  1:35  Cybernetics Core  
  20  1:37  Probe  
  21  1:45  Assimilator  
  21  1:49  Probe  
  21  1:52  Pylon  
  22  2:01  Probe  
  23  2:02  Warp Gate  
  23  2:08  Stalker (Chrono Boost)  
  23  2:14  Probe  
  26  2:26  Probe  
  27  2:34  Twilight Council  
  27  2:37  Adept  
  29  2:38  Probe  
  31  2:46  Gateway  
  31  2:52  Probe  
  31  2:55  Probe  
  32  3:00  Charge (Chrono Boost), Robotics Facility  
  32  3:04  Probe  
  33  3:07  Probe  
  34  3:16  Probe  
  34  3:19  Probe  
  36  3:28  Probe  
  36  3:31  Gateway, Probe  
  38  3:36  Gateway  
  38  3:40  Probe  
  39  3:43  Probe  
  39  3:46  Warp Prism (Chrono Boost)  
  40  3:52  Probe  
  40  3:55  Probe  
  44  3:59  Pylon  
  44  4:02  Dark Shrine  
  44  4:04  Probe  
  45  4:11  Probe  
  46  4:19  Zealot x2  
  46  4:23  Pylon  
  50  4:37  Pylon  
  50  4:38  Pylon  
  50  4:41  Pylon  
  50  4:42  Zealot x4  
  58  4:54  Pylon  
  56  5:02  Zealot x2  
  56  5:03  Zealot x2  
  64  5:07  Gateway x2  
  56  5:23  Dark Templar x2  
  56  5:24  Dark Templar x2  
  60  5:44  Gateway  
  60  5:46  Gateway  
  60  5:47  Archon x2, Immortal (Chrono Boost)  
  64  6:00  Zealot x3  
  64  6:01  Zealot  
  64  6:03  Pylon  
  72  6:18  Immortal (Chrono Boost)  
  72  6:21  Zealot x3  
  72  6:22  Zealot x2  
  86  6:30  Zealot  
  88  6:33  Pylon  
  88  6:41  Dark Templar  
  88  6:42  Dark Templar, Zealot x2  
  88  6:44  Zealot  
  98  6:47  Archon  
  98  6:56  Zealot x4  
  102  7:04  Zealot x2  
Show
View Real Time Build Order
Export as new Build Order

A.I. 2 (Elite) Zerg - Winner!

Build Orders: Pool First 

Get SALT Encoding   

  12  0:00  Drone  
  13  0:12  Overlord  
  13  0:16  Drone  
  14  0:30  Drone x2  
  16  0:43  Spawning Pool  
  16  0:45  Drone  
  16  0:50  Drone  
  17  1:12  Hatchery  
  17  1:15  Drone  
  17  1:18  Extractor  
  16  1:20  Drone  
  16  1:24  Drone  
  18  1:28  Drone  
  19  1:38  Overlord  
  19  1:49  Drone  
  19  1:51  Queen  
  22  2:00  Zergling x2  
  23  2:10  Drone  
  24  2:21  Drone  
  25  2:27  Roach Warren, Queen  
  26  2:31  Drone  
  26  2:34  Extractor  
  26  2:38  Drone  
  27  2:46  Overlord  
  27  2:49  Drone  
  28  2:52  Drone  
  28  2:55  Drone  
  28  2:58  Drone  
  31  3:02  Drone  
  31  3:05  Zergling x2  
  33  3:09  Zergling x2  
  34  3:13  Roach  
  34  3:17  Roach  
  38  3:21  Roach  
  38  3:25  Roach  
  42  3:27  Drone  
  42  3:29  Drone  
  44  3:35  Overlord  
  44  3:42  Lair  
  44  3:46  Metabolic Boost  
  44  3:51  Overlord  
  44  3:54  Drone  
  45  3:56  Drone  
  45  3:58  Drone  
  45  4:00  Zergling x2  
  48  4:03  Zergling x2  
  48  4:05  Zergling x2  
  50  4:11  Evolution Chamber, Drone  
  50  4:17  Drone  
  50  4:18  Evolution Chamber  
  50  4:20  Drone  
  50  4:21  Drone  
  50  4:24  Drone  
  53  4:26  Drone  
  54  4:38  Zerg Missile Weapons Level 1  
  54  4:44  Zerg Ground Armor Level 1, Hydralisk Den, Drone  
  54  4:46  Overlord  
  54  4:49  Roach  
  54  4:51  Zergling x2  
  56  4:54  Roach  
  56  4:56  Zergling x2  
  56  4:58  Zergling x2  
  56  4:59  Zergling x2  
  56  5:01  Zergling x2  
  58  5:07  Drone  
  58  5:08  Drone  
  58  5:12  Overlord  
  58  5:14  Drone  
  60  5:15  Hydralisk  
  60  5:17  Hydralisk  
  58  5:21  Roach  
  58  5:24  Roach  
  58  5:25  Zergling x2  
  58  5:27  Zergling x2  
  55  5:32  Roach  
  57  5:36  Hydralisk  
  57  5:39  Hydralisk  
  57  5:42  Drone  
  62  5:45  Drone  
  62  5:46  Drone  
  62  5:48  Drone  
  65  5:50  Drone  
  65  5:51  Drone  
  65  5:53  Drone  
  68  5:57  Overlord  
  68  5:58  Overseer  
  68  6:01  Drone  
  69  6:08  Roach, Hydralisk  
  69  6:09  Roach  
  69  6:10  Roach  
  74  6:13  Roach  
  74  6:15  Overlord, Zergling x2  
  74  6:16  Zergling x2  
  75  6:20  Roach  
  75  6:23  Hydralisk  
  79  6:29  Extractor  
  79  6:31  Extractor  
  77  6:33  Ravager  
  77  6:35  Roach  
  80  6:42  Hatchery, Drone  
  80  6:47  Overlord, Roach x2  
  80  6:50  Drone  
  80  6:52  Drone  
  80  6:53  Drone  
  85  7:03  Zergling x4  
Tags
 
Add a new tag
Caveats
  • Supply blocks, unpowered buildings, or Contaminate may cause inaccurate times.
  • Supply counts are checked every 10 seconds.